 Dungeon Crawl Stone Soup version 0.28.0-45-g0d030f2227 (webtiles) character file.

Game seed: 4958117119655423612

261 Ablot the Cutter (level 6, 0/53 HPs)
             Began as a Gnoll Chaos Knight on Apr 14, 2022.
             Was a Plaything of Xom.
             Slain by a gnoll
             ... wielding a +0 club
              (3 damage)
             ... on level 3 of the Dungeon.
             The game lasted 00:02:56 (3265 turns).

Ablot the Cutter (Gnoll Chaos Knight)               Turns: 3265, Time: 00:02:58

Health: 0/53       AC:  8    Str: 13    XL:     6   Next: 18%
Magic:  8/8        EV: 12    Int: 11    God:    Xom [......]
Gold:   94         SH:  0    Dex: 12    Spells: 8/8 levels left

rFire   . . .      SeeInvis .   a - +0 short sword (chaos)
rCold   . . .      Faith    .   (no shield)
rNeg    . . .      Spirit   .   b - +2 leather armour
rPois   .          Reflect  .   q - +2 helmet
rElec   .          Harm     .   (no cloak)
rCorr   .          Rampage  .   (no gloves)
Will    .....                   (no boots)
Stlth   +.........              (no amulet)
HPRegen 0.17/turn               (no ring)
MPRegen 0.11/turn               (no ring)

@: lit by a corona, glowing
A: fangs 1, strong nose, distributed training
a: Renounce Religion


You were on level 3 of the Dungeon.
You worshipped Xom.
You were a very special plaything of Xom.
You visited 1 branch of the dungeon, and saw 3 of its levels.

You collected 94 gold pieces.

Inventory:

Hand Weapons
 a - a +0 short sword of chaos (weapon)
Missiles
 g - 35 stones (quivered)
 l - 38 arrows
 n - 24 sling bullets
Armour
 b - a +2 leather armour (worn)
 q - a +2 helmet (worn)
Scrolls
 d - 2 scrolls of fear {unknown}
 e - a scroll of noise {unknown}
 i - a scroll of enchant weapon {unknown}
 k - a scroll of fog {unknown}
 m - a scroll of amnesia {unknown}
 o - a scroll of silence {unknown}
 p - a scroll of teleportation {unknown}
 s - 2 scrolls of identify {unknown}
 u - a scroll of enchant armour {unknown}
Potions
 c - a potion of degeneration {unknown}
 f - a potion of flight {unknown}
 h - a potion of resistance
 j - 2 potions of curing {unknown}
 r - 3 potions of mutation {unknown}
 t - a potion of attraction {unknown}


   Skills:
 + Level 6.8 Fighting
 + Level 6.8 Short Blades
 + Level 1.8 Long Blades
 + Level 1.8 Axes
 + Level 1.8 Maces & Flails
 + Level 1.8 Polearms
 + Level 1.8 Staves
 + Level 1.8 Slings
 + Level 1.8 Bows
 + Level 1.8 Crossbows
 + Level 1.8 Throwing
 + Level 4.9 Armour
 + Level 3.1 Dodging
 + Level 1.8 Stealth
 + Level 1.8 Shields
 + Level 1.8 Unarmed Combat
 + Level 1.8 Spellcasting
 + Level 1.4 Conjurations
 + Level 1.4 Hexes
 + Level 1.4 Summonings
 + Level 1.4 Necromancy
 + Level 1.4 Translocations
 + Level 1.4 Transmutations
 + Level 1.4 Fire Magic
 + Level 1.4 Ice Magic
 + Level 1.4 Air Magic
 + Level 1.4 Earth Magic
 + Level 1.4 Poison Magic
 + Level 2.0 Invocations
 + Level 1.8 Evocations


You had 8 spell levels left.
You didn't know any spells.
Your spell library was empty.

Dungeon Overview and Level Annotations

Branches:
Dungeon (3/15)

Altars:
Okawaru
Yredelemnul


Innate Abilities, Weirdness & Mutations

You have very sharp teeth.
Your uncanny sense of smell can sniff out nearby items.
Your experience applies equally to all skills.


Message History

* * * LOW HITPOINT WARNING * * *
Your +0 whip closely misses the gnoll.
Unknown command.
Your +0 whip barely misses the gnoll.
The gnoll hits you but does no damage. The gnoll completely misses you.
Your +0 whip hits the gnoll!
You see here a +0 leather armour.
You barely miss the gnoll.
The gnoll is almost dead.
Your +0 whip barely misses the gnoll.
The gnoll hits you but does no damage. The gnoll barely misses you.
The gnoll closely misses your +0 whip.
You closely miss the gnoll.
The gnoll is almost dead.
Your +0 whip hits the gnoll.
The gnoll dies!
The gnoll hits you with a +0 club.
* * * LOW HITPOINT WARNING * * *
The gnoll closely misses your +0 whip.
You hit the gnoll.
The gnoll is lightly wounded.
Your +0 whip completely misses the gnoll.
The gnoll hits you but does no damage.
You hit the gnoll. You freeze the gnoll.
The gnoll is moderately wounded.
Your +0 whip completely misses the gnoll.
You hit the gnoll. You bite the gnoll, but do no damage.
The gnoll is severely wounded.
The gnoll hits you but does no damage. x2
Your +0 whip closely misses the gnoll.
You hit the gnoll.
The gnoll flickers and vanishes!
Deactivating autopickup; reactivate with Ctrl-A.
Something hits you!
* * * LOW HITPOINT WARNING * * *
The gnoll closely misses you.
You hit the gnoll.
The gnoll seems to slow down.
The gnoll is lightly wounded.
Your +0 whip hits the gnoll!
The gnoll dies!
Something hits you.
You die... "Boring in life, boring in death..."

###.##.### ###......#
#####........###.'......#
.......)..)......'....†.#
.............#####......#
......##...### #......♣##
......###.(#######.........
(........).......##........
.g......##)...#.####.......
......#.##@(#.#.# ##......
P.....#.###{#.#.# ##.....
..... #.# #...#.# ##....
...## #.# ##..#.# ####+ ...
#.# #..#.# #. ..
..#####.#†# ## #......#
#......# #......#


You could see a friendly +0 whip.

Vanquished Creatures
  A lemure (D:3)
  2 scorpion zombies (D:3)
  A hound zombie (D:3)
  2 adders
  A gnoll (D:3)
  2 worms
  A dart slug (D:1)
  2 ball pythons
  A bat (D:3)
  2 endoplasms
  A giant cockroach (D:2)
  3 goblins (D:2)
  2 hobgoblins (D:3)
  2 jackals (D:1)
  4 quokkas
  A frilled lizard (D:1)
  6 rats
34 creatures vanquished.

Vanquished Creatures (collateral kills)
  A gnoll shaman (D:3)
  4 gnolls (D:3)
5 creatures vanquished.

Vanquished Creatures (others)
  A fungus (D:3)
  21 plants
22 creatures vanquished.

Grand Total: 61 creatures vanquished

Notes
Turn   | Place    | Note
-------+----------+-------------------------------------------
     0 | D:1      | Ablot the Gnoll Chaos Knight began the quest for the Orb.
     0 | D:1      | Reached XP level 1. HP: 23/23 MP: 1/1
    38 | D:1      | XOM: divination: detect items
   347 | D:1      | XOM: silly message
   476 | D:1      | Reached XP level 2. HP: 23/29 MP: 2/2
  1037 | D:2      | XOM: divination: magic mapping
  1220 | D:2      | XOM: potion effect (heal wounds)
  1228 | D:2      | Reached XP level 3. HP: 17/35 MP: 3/3
  1906 | D:2      | XOM: silly message
  2271 | D:3      | Reached skill level 1 in Long Blades
  2271 | D:3      | Reached skill level 1 in Axes
  2271 | D:3      | Reached skill level 1 in Maces & Flails
  2271 | D:3      | Reached skill level 1 in Polearms
  2271 | D:3      | Reached skill level 1 in Staves
  2271 | D:3      | Reached skill level 1 in Slings
  2271 | D:3      | Reached skill level 1 in Bows
  2271 | D:3      | Reached skill level 1 in Crossbows
  2271 | D:3      | Reached skill level 1 in Throwing
  2271 | D:3      | Reached skill level 1 in Stealth
  2271 | D:3      | Reached skill level 1 in Shields
  2271 | D:3      | Reached skill level 1 in Unarmed Combat
  2271 | D:3      | Reached skill level 1 in Spellcasting
  2271 | D:3      | Reached skill level 1 in Invocations
  2271 | D:3      | Reached skill level 1 in Evocations
  2271 | D:3      | Reached XP level 4. HP: 27/41 MP: 5/5
  2373 | D:3      | Found a basalt altar of Yredelemnul.
  2388 | D:3      | XOM: confuse monster(s)
  2410 | D:3      | Reached skill level 1 in Conjurations
  2410 | D:3      | Reached skill level 1 in Hexes
  2410 | D:3      | Reached skill level 1 in Summonings
  2410 | D:3      | Reached skill level 1 in Necromancy
  2410 | D:3      | Reached skill level 1 in Translocations
  2410 | D:3      | Reached skill level 1 in Transmutations
  2410 | D:3      | Reached skill level 1 in Fire Magic
  2410 | D:3      | Reached skill level 1 in Ice Magic
  2410 | D:3      | Reached skill level 1 in Air Magic
  2410 | D:3      | Reached skill level 1 in Earth Magic
  2410 | D:3      | Reached skill level 1 in Poison Magic
  2432 | D:3      | XOM: noise
  2675 | D:3      | Found an iron altar of Okawaru.
  2730 | D:3      | Noticed Grinder
  2738 | D:3      | Noticed Grinder
  2738 | D:3      | Grinder changed into Grinder the lemure
  2738 | D:3      | XOM: polymorph Grinder -> Grinder the lemure
  2785 | D:3      | XOM: fog
  2791 | D:3      | Killed Grinder the lemure
  2792 | D:3      | Reached XP level 5. HP: 25/47 MP: 5/7
  2993 | D:3      | XOM: enchant monster (bad)
  3006 | D:3      | XOM: 1-stop teleportation journey
  3020 | D:3      | XOM: 1-stop teleportation journey
  3255 | D:3      | Reached XP level 6. HP: 22/53 MP: 8/8
  3265 | D:3      | Slain by a gnoll

Illustrated notes

Levels and vault maps discovered:
D:1:      ebering_trefoil_3fold, layout_basic
D:2:      cheibrodos_old_hovel, layout_loops_ring, minivault_23,
          kennysheep_cluttered_room, supply_closet_lemuel,
          minmay_misc_feat_doors, minmay_misc_feat_nine_boxes
D:3:      layout_basic, mainiacjoe_overflow_six_doors_small,
          nicolae_yredelemnul_corpse_copse, kennysheep_big_empty_room,
          nicolae_grassy_gnolls, uniq_crazy_yiuf_cottage, uniq_grinder

Skill      XL: |  1  2  3  4  5 |
---------------+----------------+-----
Long Blades    | 1 |  1.8
Axes           | 1 |  1.8
Maces & Flails | 1 |  1.8
Polearms       | 1 |  1.8
Staves         | 1 |  1.8
Slings         | 1 |  1.8
Bows           | 1 |  1.8
Crossbows      | 1 |  1.8
Throwing       | 1 |  1.8
Stealth        | 1 |  1.8
Shields        | 1 |  1.8
Unarmed Combat | 1 |  1.8
Spellcasting   | 1 |  1.8
Invocations    | 1 2 |  2.0
Evocations     | 1 |  1.8
Conjurations   | 1 |  1.4
Hexes          | 1 |  1.4
Summonings     | 1 |  1.4
Necromancy     | 1 |  1.4
Translocations | 1 |  1.4
Transmutations | 1 |  1.4
Fire Magic     | 1 |  1.4
Ice Magic      | 1 |  1.4
Air Magic      | 1 |  1.4
Earth Magic    | 1 |  1.4
Poison Magic   | 1 |  1.4
Dodging        | 3 |  3.1
Fighting       | |  6.8
Short Blades   | |  6.8
Armour         | |  4.9

Action                   |  1- 3 |  4- 6 || total
-------------------------+-------+-------++-------
Melee: Short sword       |    95 |   100 ||   195
       Bite              |    14 |    15 ||    29
       Punch             |     1 |     4 ||     5
Throw: Stone             |       |     2 ||     2
 Stab: Sleeping          |       |     1 ||     1
Armor: Leather armour    |    20 |    32 ||    52
Dodge: Dodged            |    40 |    47 ||    87
